 Dungeon Crawl Stone Soup version 0.31.0-1-g2c135a008e (webtiles) character file.

Game seed: 12590562388457709010

67 qw the Shooter (level 4, -8/31 HPs)
             Began as a Djinni Hunter on Jan 23, 2024.
             Mangled by Sigmund
             ... wielding a +0 scythe
              (11 damage)
             ... on level 3 of the Dungeon.
             The game lasted 00:00:05 (1390 turns).

qw the Shooter (Djinni Hunter)                      Turns: 1390, Time: 00:00:06

Health: -8/31      AC:  3    Str:  8    XL:     4   Next: 38%
Gold:   61         EV: 12    Int: 11    God:
                   SH:  0    Dex: 18

rFire   + + .        a - +0 shortbow (flame)
rCold   x . .        (shield currently unavailable)
rNeg    . . .        c - +0 leather armour
rPois   inf          (helmet restricted)
rElec   .            (no cloak)
rCorr   .            (no gloves)
SInv    .            (boots unavailable)
Will    .....        d - amulet of faith
Stlth   ++           (no ring)
HPRegen 0.25/turn    (no ring)
MPRegen 0.00/turn

%: faith, infuse magic (-9 HP)
@: flying
A: sickness immunity, fire resistance 2, cold vulnerability 1, float, innate
caster, HP casting, extra vitality 1, horns 1, frail 1, weak 1, wild magic 1
a: no special abilities


You were on level 3 of the Dungeon.
You visited 1 branch of the dungeon, and saw 3 of its levels.

You collected 81 gold pieces.
You spent 20 gold pieces at shops.


Innate Abilities, Weirdness & Mutations

You are immune to sickness and miasma.
You are immune to poison.
Your flesh is very heat resistant. (rF++)
You are vulnerable to cold. (rC-)
You float through the air rather than walking.
You learn spells naturally, not from books.
Your magical power is your life essence.
You have superior vitality. (+4 MHP)
You have a pair of small horns on your head.
You are frail. (-10% HP)
You are weak. (Str -2)
Your spells are a little harder to cast, but a little more powerful.


   Skills:
 - Level 3.0 Fighting
 - Level 4.0 Ranged Weapons
 + Level 2.7 Dodging
 - Level 0.7 Stealth


You knew the following spells:

 Your Spells              Type           Power      Damage    Failure   Level
a - Sandblast             Erth           0%         2d4       54%         1
Your spell library was empty.

Inventory:

Hand Weapons
 a - a +0 shortbow of flaming (weapon)
Armour
 c - a +0 leather armour (worn)
Jewellery
 d - an amulet of faith (around neck)
Scrolls
 e - a scroll of enchant armour
Potions
 f - 2 potions of curing

Dungeon Overview and Level Annotations

Branches:
Dungeon (3/15)

Altars:
Dithmenos

Shops:
D:2 *

Annotations:
D:3 Sigmund


Message History

Sigmund the Dreaded comes into view.
He is wielding a +0 scythe.
You shoot an arrow. The arrow hits Sigmund!
The arrow burns Sigmund.
Sigmund shouts!
Sigmund is moderately wounded.
You hear a shout!
Sigmund gestures wildly while chanting.
Sigmund flickers and vanishes!
Deactivating autopickup; reactivate with Ctrl-A.
You shoot an arrow. You shoot an arrow.
An orc comes into view. It is wielding a +0 short sword.
You shoot an arrow. The arrow hits the orc.
The arrow burns the orc.
The orc is severely wounded.
You shoot an arrow. The arrow hits the orc!
The arrow burns the orc.
You kill the orc!
You shoot an arrow. Something hits you.
You shoot an arrow.
A magic dart appears from out of thin air!
The magic dart hits you.
You shoot an arrow. Something hits you but does no damage.
You shoot an arrow. Something hits you!
You shoot an arrow. Something hits you but does no damage.
You shoot an arrow. Something hits you!
You shoot an arrow. Something hits you!
You shoot an arrow. You shoot an arrow. Something barely misses you.
You shoot an arrow. Something hits you.
You shoot an arrow. Something hits you but does no damage.
You shoot an arrow. Something hits you!
You die...

#...<#
###.###>#.....#
#.#########.#
#..........
#.#.........#
####...###.
#.#.#########
#..... #.#.#
#...... #.#.####
#..#####
#......# ..#
###.##.#########
#.##..@.{...).
#.############
..# #.# ###


There were no monsters in sight!

Vanquished Creatures
  An adder (D:2)
  2 ribbon worms (D:2)
  A dart slug (D:1)
  An orc (D:3)
  7 ball pythons
  4 bats
  4 endoplasms
  3 giant cockroaches
  2 goblins
  6 hobgoblins
  3 jackals (D:2)
  7 kobolds
  A quokka (D:2)
  3 frilled lizards
  A rat (D:2)
46 creatures vanquished.

Notes
Turn   | Place    | Note
-------+----------+-------------------------------------------
     0 | D:1      | qw the Djinni Hunter began the quest for the Orb.
     0 | D:1      | Reached XP level 1. HP: 18/18 MP: 0/0
     0 | D:1      | 0 ||| qw: Version: 0.3-a-136-gdd3b4e8
     0 | D:1      | 0 ||| qw: Game counter: 1127
     0 | D:1      | 0 ||| qw: Melee chars always use a shield: true
     0 | D:1      | 0 ||| qw: God list: Okawaru
     0 | D:1      | 0 ||| qw: Allow faded altars: false
     0 | D:1      | 0 ||| qw: Do Orc after clearing Dungeon:15 true
     0 | D:1      | 0 ||| qw: Do second Lair branch before Depths: true
     0 | D:1      | 0 ||| qw: Lair rune preference: random
     0 | D:1      | 0 ||| qw: Goals: Normal
     0 | D:1      | 0 ||| PLANNING D:1-11
    61 | D:1      | Reached XP level 2. HP: 23/23 MP: 0/0
   330 | D:1      | Reached skill level 4 in Ranged Weapons
   330 | D:1      | Reached XP level 3. HP: 28/28 MP: 0/0
   330 | D:1      | Learned a level 1 spell: Sandblast
   540 | D:1      | 540 ||| READING 3 scrolls labelled ZERIUNW DU VEKHLA.
   540 | D:1      | 540 ||| IDENTIFYING white potion
   541 | D:1      | 541 ||| READING 2 scrolls of identify.
   541 | D:1      | 541 ||| IDENTIFYING 2 viscous emerald potions
   542 | D:1      | 542 ||| READING scroll of identify.
   542 | D:1      | 542 ||| IDENTIFYING scroll labelled ITOWAN VUOXOUN
   543 | D:1      | 543 ||| READING scroll labelled XISASIRCHOD.
   543 | D:1      | 543 ||| BRANDING +0 shortbow.
   544 | D:1      | 544 ||| READING scroll labelled MUNIRA RIETUOJ.
   547 | D:1      | 547 ||| DROPPING scroll of butterflies.
   548 | D:1      | 548 ||| DROPPING potion of ambrosia.
   806 | D:2      | Found Fyqeaf's Assorted Antiques.
   811 | D:2      | 811 ||| SHOPLISTING 3 scrolls of teleportation (207 gold,
                  | have 44).
   811 | D:2      | 811 ||| SHOPLISTING pair of gloves (103 gold, have 44).
   811 | D:2      | 811 ||| BUYING pink potion (20 gold).
   811 | D:2      | Bought a pink potion for 20 gold pieces
   811 | D:2      | 811 ||| SHOPLISTING scroll of identify (46 gold, have 24).
   811 | D:2      | 811 ||| SHOPLISTING shiny helmet (172 gold, have 24).
   896 | D:2      | Found a shadowy altar of Dithmenos.
   906 | D:2      | Reached XP level 4. HP: 34/34 MP: 0/0
   955 | D:2      | Reached skill level 3 in Fighting
  1248 | D:2      | 1248 ||| UPGRADING to amulet of faith.
  1253 | D:2      | 1253 ||| READING scroll of identify.
  1253 | D:2      | 1253 ||| IDENTIFYING pink potion
  1254 | D:2      | 1254 ||| DRINKING potion of mutation.
  1254 | D:2      | Gained mutation: You are resistant to electric shocks.
                  | (rElec) [potion of mutation]
  1254 | D:2      | Gained mutation: You have a pair of small horns on your
                  | head. [potion of mutation]
  1254 | D:2      | Gained mutation: You sometimes lose your temper in combat.
                  | [potion of mutation]
  1254 | D:2      | Gained mutation: You have a pair of horns on your head.
                  | [potion of mutation]
  1316 | D:3      | 1316 ||| DRINKING potion of mutation.
  1316 | D:3      | Lost mutation: You are resistant to electric shocks.
                  | (rElec) [potion of mutation]
  1316 | D:3      | Lost mutation: You sometimes lose your temper in combat.
                  | [potion of mutation]
  1316 | D:3      | Lost mutation: You have a pair of horns on your head.
                  | [potion of mutation]
  1316 | D:3      | Gained mutation: Your spells are a little harder to cast,
                  | but a little more powerful. [potion of mutation]
  1316 | D:3      | Gained mutation: You are frail. (-10% HP) [potion of
                  | mutation]
  1316 | D:3      | Gained mutation: You are weak. (Str -2) [potion of
                  | mutation]
  1373 | D:3      | Noticed Sigmund
  1385 | D:3      | HP: 2/31 [something (9)]
  1390 | D:3      | Mangled by Sigmund

Levels and vault maps discovered:
D:1:      reono_arrival_forest_river, layout_rooms
D:2:      layout_loops_ring, serial_shops, nicolae_shop_peninsula, basic_altar,
          serial_park_tiny_pond
D:3:      layout_loops_ring, serial_shops, nicolae_shop_crystal,
          kennysheep_minor_cross, kennysheep_generic_room_13, uniq_sigmund

Skill      XL: |  1  2  3  4 |
---------------+-------------+-----
Ranged Weapons | 4 |  4.0
Fighting       | 3 |  3.0
Dodging        | |  2.7
Stealth        | |  0.7

Action                     |  1- 3 |  4- 6 || total
---------------------------+-------+-------++-------
   Fire: Shortbow          |    95 |    37 ||   132
    Use: Scroll            |     5 |     1 ||     6
         Potion            |       |     2 ||     2
 Armour: Leather armour    |    18 |    13 ||    31
  Dodge: Dodged            |    16 |     7 ||    23

Table legend:
 A = Non-vault XP
 B = Vault XP
 C = Vault XP percentage of total XP
 D = Non-vault monster count
 E = Vault monster count
 F = Vault count percentage of total count
                 A         B        C        D         E       F
            +---------+---------+-------+---------+---------+-------
      Total |      96 |       0 |   0.0 |      46 |       0 |   0.0
            +---------+---------+-------+---------+---------+-------
        D:1 |      39 |       0 |   0.0 |      22 |       0 |   0.0
        D:2 |      50 |       0 |   0.0 |      20 |       0 |   0.0
        D:3 |       7 |       0 |   0.0 |       4 |       0 |   0.0
            +---------+---------+-------+---------+---------+-------
